 Dungeon Crawl Stone Soup version 0.30-a0-972-gf3ab3527aa (webtiles) character file.

Game seed: 7538338332517984225

165 retardedninja the Covered (level 5, -2/72 HPs)
             Began as an Armataur Fighter on Mar 31, 2023.
             Slain by a gnoll
             ... wielding a +0 spear
              (5 damage)
             ... on level 3 of the Dungeon.
             The game lasted 00:04:13 (1857 turns).

retardedninja the Covered (Armataur Fighter)        Turns: 1857, Time: 00:04:14

Health: -2/72      AC: 22    Str: 26    XL:     5   Next: 22%
Magic:  5/5        EV:  1    Int:  7    God:
Gold:   115        SH:  4    Dex: 10    Spells: 4/4 levels left

rFire   . . .      SeeInvis .    a - +0 long sword
rCold   + . .      Faith    .    c - +0 buckler
rNeg    . . .      Spirit   .    q - melded +0 plate armour
rPois   +          Reflect  .    (helmet currently unavailable)
rElec   .          Roll     +    (cloak currently unavailable)
rCorr   .          NoTele   +    (gloves currently unavailable)
Will    .....                    (no barding)
Stlth   +                        (no amulet)
HPRegen 0.32/turn                i - ring of protection from cold
MPRegen 0.09/turn                (no ring)

@: mighty, brilliant, lethally poisoned (-2 -> -22), tree-form
A: stationary, stasis, torment immunity, boosted hp, large, rugged brown scales
3, (deformed body), (armoured tail), roll, long tongue, awkward tongue,
(iridescent scales 1), (poison resistance), strong 1
a: no special abilities


You were on level 3 of the Dungeon.
You were a tree.
You visited 1 branch of the dungeon, and saw 3 of its levels.

You collected 115 gold pieces.

Inventory:

Hand Weapons
 a - a +0 long sword (weapon)
Missiles
 k - 6 javelins (quivered)
Armour
 c - a +0 buckler (worn)
 q - a +0 plate armour (melded)
Jewellery
 i - a ring of protection from cold (left branch)
Scrolls
 e - 2 scrolls of immolation {unknown}
 h - 5 scrolls of teleportation {unknown}
 j - a scroll of enchant armour {unknown}
 l - a scroll of fear {unknown}
 m - 3 scrolls of enchant weapon {unknown}
 n - a scroll of fog {unknown}
 r - a scroll of brand weapon {unknown}
Potions
 b - a potion of lignification
 f - 2 potions of brilliance


   Skills:
 + Level 3.4 Fighting
 * Level 3.2 Long Blades
 + Level 4.6 Armour
 + Level 4.2 Shields


You had 4 spell levels left.
You didn't know any spells.
Your spell library contained the following spells:

 Spells                   Type           Power      Damage    Failure   Level
 Blink                    Tloc           0%         N/A       65%         2
 Manifold Assault         Tloc           0%         N/A       99%         4
 Storm Form               Tmut/Air       0%         N/A       100%        7


Dungeon Overview and Level Annotations

Branches:
Dungeon (3/15)

Altars:
Ashenzari


Innate Abilities, Weirdness & Mutations

You are a tree.
Your roots penetrate the ground, keeping you stationary.
You cannot be teleported.
You are immune to unholy pain and torment.
Your maximum health is greatly increased.
Your equipment is partially melded.
(You are completely covered in rugged brown scales. (AC +3, +7% HP))
((Armour fits poorly on your strangely shaped body.))
((You have a long armoured tail.))
You roll when moving toward enemies. (Rampage)
Your long tongue fully drains potion bottles. (2x potion effects)
Your tongue gives you trouble enunciating. (1.5x scroll delay)
((You are partially covered in iridescent scales. (AC +2)))
((Your system is resistant to poisons. (rPois)))
Your muscles are strong. (Str +4, Int/Dex -1)


Message History

Iridescent scales grow over part of your body.
You feel resistant to poisons.
You feel stronger.
You slurp down every last drop of the potion of mutation!
* * * LOW HITPOINT WARNING * * *
You feel very sick. The gnoll barely misses you.
The gnoll hits you but does no damage.
It was a potion of heal wounds.
You feel much better.
You slurp down every last drop of the potion of heal wounds!
You feel very sick.
The gnoll hits you with a +3 whip of venom.
You are more poisoned.
The gnoll hits you but does no damage.
You slash the gnoll!
The gnoll is heavily wounded.
You feel extremely sick. The gnoll hits you but does no damage.
The gnoll hits you from afar with a +0 spear.
* * * LOW HITPOINT WARNING * * *
You barely miss the gnoll.
The gnoll is heavily wounded.
* * * LOW HITPOINT WARNING * * *
You feel very sick. The gnoll hits you but does no damage.
You are lethally poisoned!
The gnoll hits you but does no damage.
You closely miss the gnoll.
The gnoll is heavily wounded.
* * * LOW HITPOINT WARNING * * *
You feel extremely sick. The gnoll hits you but does no damage.
You are more poisoned.
The gnoll hits you but does no damage.
You hit the gnoll.
The gnoll is severely wounded.
* * * LOW HITPOINT WARNING * * *
You feel extremely sick. The gnoll completely misses you.
The gnoll hits you but does no damage. You block the gnoll's attack.
The gnoll hits you from afar with a +0 spear.
You die... +.........+................ #..$......####...#######.#. #.......# #..## #.## #..S..# #...# # # #Sgg#

###.# #.## #g# #.#
#... #.# #.# #.##
##.####†##########.#
#
..........gg♣......#
#
...##.....###.######
#.....# #.# #
#.....# #.#
#.......# #.#
..#.#.### #.#
####.#.# #.# .....
>.# # ##. ###


You could see 2 gnolls.

Vanquished Creatures
  Terence (D:2)
  8 adders
  3 gnolls
  5 ball pythons
  6 endoplasms
  A goblin (D:2)
  3 hobgoblins
  3 jackals (D:2)
  4 kobolds (D:2)
  A quokka (D:1)
  5 bats
  2 frilled lizards
  5 rats
47 creatures vanquished.

Notes
Turn   | Place    | Note
-------+----------+-------------------------------------------
     0 | D:1      | retardedninja the Armataur Fighter began the quest for the
                  | Orb.
     0 | D:1      | Reached XP level 1. HP: 19/19 MP: 1/1
   287 | D:1      | Reached XP level 2. HP: 26/26 MP: 2/2
   598 | D:2      | Reached XP level 3. HP: 31/33 MP: 3/3
  1358 | D:2      | Reached XP level 4. HP: 39/40 MP: 4/4
  1461 | D:2      | Noticed Terence
  1468 | D:2      | Killed Terence
  1743 | D:3      | Found a broken altar of Ashenzari.
  1823 | D:3      | HP: 1/40 [gnoll/+0 spear (4)]
  1839 | D:3      | Reached XP level 5. HP: 29/48 MP: 5/5
  1852 | D:3      | Gained mutation: You are partially covered in iridescent
                  | scales. (AC +2) [potion of mutation]
  1852 | D:3      | Gained mutation: Your system is resistant to poisons.
                  | (rPois) [potion of mutation]
  1852 | D:3      | Gained mutation: Your muscles are strong. (Str +4, Int/Dex
                  | -1) [potion of mutation]
  1852 | D:3      | HP: 3/72 [poisoned by a gnoll]
  1857 | D:3      | HP: 3/72 [poisoned by a gnoll]
  1857 | D:3      | Slain by a gnoll

Illustrated notes

Levels and vault maps discovered:
D:1:      nicolae_arrival_memento_mori, layout_rooms
D:2:      minmay_diamond_boxcup, layout_loops_ring, uniq_terence
D:3:      layout_loops_corners, ashenzari_altar_1,
          mainiacjoe_overflow_six_doors_small

Skill      XL: |  1  2  3  4 |
---------------+-------------+-----
Long Blades    | 2 3 |  3.2
Armour         | 4 |  4.6
Fighting       | 3 |  3.4
Shields        | 4 |  4.2

Action                     |  1- 3 |  4- 6 || total
---------------------------+-------+-------++-------
  Melee: Long sword        |    98 |    54 ||   152
         Tailslap          |    17 |     5 ||    22
  Throw: Javelin           |     6 |       ||     6
    Use: Potion            |       |    10 ||    10
 Armour: Scale mail        |    62 |       ||    62
         Plate armour      |     2 |    50 ||    52
         Skin              |       |    11 ||    11
  Dodge: Dodged            |    40 |    20 ||    60
  Block: Buckler           |    26 |    19 ||    45

Table legend: (Time is in decaauts)
 A = Elapsed time spent in this place.
 B = Non-inter-level travel time spent in this place.
 C = Inter-level travel time spent in this place.
 D = Time resting spent in this place.
 E = Time spent auto-exploring this place.
 F = Levels seen in this place.
 G = Mean time per level.
                   A        B        C        D        E       F      G
               +--------+--------+--------+--------+--------+-----+--------+
         Total |   1904 |   1822 |     82 |    171 |   1281 |   3 |  634.7 |
       Dungeon |   1904 |   1822 |     82 |    171 |   1281 |   3 |  634.7 |
               +--------+--------+--------+--------+--------+-----+--------+

Top non-repeatable levels by time:
     D:2: 1004 daAuts
     D:1: 551 daAuts
     D:3: 349 daAuts
